 Dungeon Crawl Stone Soup version 0.22-a0-368-g870eee8 (webtiles) character file.

6 Amnesiac the Magician (level 1, 0/14 HPs)
             Began as a Mummy Wizard on Apr 23, 2018.
             Slain by a quokka (2 damage)
             ... on level 2 of the Dungeon.
             The game lasted 00:01:12 (343 turns).

Amnesiac the Magician (Mummy Wizard)                 Turns: 343, Time: 00:01:13

Health: 0/14       AC:  5    Str: 10    XL:     1   Next: 75%
Magic:  5/5        EV: 10    Int: 17    God:
Gold:   12         SH:  0    Dex: 10    Spells: 7/8 levels left

rFire    x . .     SeeInvis .   b - +0 mace
rCold    + . .     Gourm    .   (no shield)
rNeg     + + +     Faith    .   g - +0 ring mail
rPois    ∞         Spirit   .   (no helmet)
rElec    .         Reflect  .   (no cloak)
rCorr    .         Harm     .   (no gloves)
MR       .....                  (no boots)
Stlth    +.........             (no amulet)
HPRegen  0.04/turn              (no ring)
MPRegen  0.09/turn              (no ring)

@: no status effects
A: no food or potions, fire vulnerability, cold resistance 1, negative energy
resistance 3, torment resistance, unbreathing
a: no special abilities


You were on level 2 of the Dungeon.
You were not hungry.

You visited 1 branch of the dungeon, and saw 2 of its levels.

You collected 12 gold pieces.

Inventory:

Hand Weapons
 b - a +0 mace (weapon)
Missiles
 d - 2 stones (quivered)
Armour
 g - a +0 ring mail (worn)
Scrolls
 a - a scroll of identify {!r, unknown}
 c - a scroll of teleportation {!r, unknown}
 e - a scroll of remove curse {!r, unknown}


   Skills:
 + Level 0.5 Fighting
 * Level 2.0 Dodging
 - Level 1.5 Stealth
 - Level 4.0 Spellcasting
 - Level 0.7 Conjurations
   Level 0.7 Summonings
   Level 0.7 Translocations


You had 7 spell levels left.
You knew the following spells:

 Your Spells              Type           Power        Failure   Level  Hunger
a - Magic Dart            Conj           #...         30%         1    N/A

Dungeon Overview and Level Annotations

Branches:
Dungeon (2/15)

Altars:


Innate Abilities, Weirdness & Mutations

You do not eat or drink.
Your flesh is vulnerable to fire.
You are immune to poison.
Your flesh is cold resistant. (rC+)
You are immune to negative energy. (rN+++)
You are immune to unholy pain and torment.
You can survive without breathing.


Message History

You now have 12 gold pieces.
Wear which item? (? for menu, Esc to quit)
You start removing your armour.
You continue taking off your +0 leather armour. x4
You finish taking off your +0 leather armour.
You start putting on your armour.
You continue putting on your ring mail. x5
You finish putting on your +0 ring mail.
Drop what? 7/52 slots (_ for help) (? for menu, Esc to quit)
You drop a +0 robe.
You drop a +0 leather armour.
There is a stone staircase leading down here.
You climb downwards.
There is a stone staircase leading up here.
Found a grey potion.
A rat comes into view.
You hit the rat.
The rat is heavily wounded.
The rat twitches its whiskers.
The rat bites you but does no damage.
You thump the rat!
You kill the rat!
No target in view!
Found a robe.
A hobgoblin comes into view. It is wielding a club.
The hobgoblin shouts!
You see here a scroll labeled ROAMEZ NAWIE {!r}.
a - a scroll labeled ROAMEZ NAWIE {!r} You see here a grey potion {!q}.
You hit the hobgoblin.
The hobgoblin is heavily wounded.
The hobgoblin hits you but does no damage. x2
You hit the hobgoblin.
The hobgoblin is severely wounded.
The hobgoblin closely misses you.
You sock the hobgoblin!
You kill the hobgoblin!
Your Dodging skill increases to level 2!
A quokka comes into view.
You see here a grey potion {!q}.
Things that are here:
a club; a hobgoblin corpse The quokka bites you.
You closely miss the quokka. The quokka bites you. x2
* * * LOW HITPOINT WARNING * * *
You closely miss the quokka. The quokka closely misses you.
You hit the quokka.
The quokka is almost dead.
The quokka bites you.
* * * LOW HITPOINT WARNING * * *
The quokka barely misses you.
You barely miss the quokka.
The quokka is almost dead.
The quokka bites you.
* * * LOW HITPOINT WARNING * * *
The quokka bites you.
* * * LOW HITPOINT WARNING * * *
You are too injured to fight recklessly!
You are too injured to fight recklessly!
You are too injured to fight recklessly!
You are too injured to fight recklessly!
You closely miss the quokka.
The quokka is almost dead.
The quokka barely misses you. The quokka bites you.
You die...

.......#..# #.........#
###... #...[.....#.#....#
#.........#.#....#
#.........#.#....#
#......#....#....#
##.....r..........#
........@..###...## .
........!.........# ...
........)..###....##.....
...........# #...<.......
.......##### #...###.....
....... #...# ### ##.....
#...# #..... ##### #....


You could see a quokka.

Vanquished Creatures
  A goblin (D:1)
  A hobgoblin (D:2)
  3 kobolds (D:1)
  A rat (D:2)
6 creatures vanquished.

Notes
Turn   | Place    | Note
-------+----------+-------------------------------------------
     0 | D:1      | Amnesiac the Mummy Wizard began the quest for the Orb.
     0 | D:1      | Reached XP level 1. HP: 13/13 MP: 5/5
   343 | D:2      | Slain by a quokka

Vault maps used:
D:1:      matt_arrival_debris
D:2:      xom_butterflies

Skill      XL: |  1 |
---------------+----+-----
Dodging        | 2 |  2.0
Fighting       | |  0.5
Stealth        | |  1.5
Spellcasting   | |  4.0
Conjurations   | |  0.7
Summonings     | |  0.7
Translocations | |  0.7

Action                   || total
-------------------------++-------
Melee: Mace              ||    18
 Cast: Magic Dart        ||     2
 Stab: Sleeping          ||     1
Armor: Ring mail         ||     3
       Leather armour    ||     2
Dodge: Dodged            ||     8

Table legend:
 A = Spawn XP
 B = Non-spawn XP
 C = Spawn XP percentage of total XP
 D = Spawn monster count
 E = Non-spawn monster count
 F = Spawn count percentage of total count
 G = Total turns spent on level
                    A         B        C        D         E        F      G
               +---------+---------+-------+---------+---------+-------+---------
         Total |       0 |       9 |   0.0 |       0 |       6 |   0.0 |   343
               +---------+---------+-------+---------+---------+-------+---------
           D:1 |       0 |       6 |   0.0 |       0 |       4 |   0.0 |   316
           D:2 |       0 |       3 |   0.0 |       0 |       2 |   0.0 |    27
               +---------+---------+-------+---------+---------+-------+---------
